 Dungeon Crawl Stone Soup version 0.18.1-48-g4cf74bf (webtiles) character file.

6691 dvd the Thaumaturge (level 10, -7/53 HPs)
             Began as a Deep Elf Summoner on July 18, 2016.
             Was a Priest of Sif Muna.
             Mangled by an ice beast (11 damage)
             ... summoned by an ice statue
             ... in an ice cave.
             The game lasted 01:12:39 (11533 turns).

dvd the Thaumaturge (Deep Elf Summoner)            Turns: 11533, Time: 01:12:39

Health: -7/53      AC: 17    Str:  5    XL:     10   Next: 74%
Magic:  8/28       EV: 12    Int: 29    God:    Sif Muna [***...]
Gold:   402        SH:  0    Dex: 16    Spells: 5 memorised, 19 levels left

rFire  + + +     SeeInvis .     a - +7 quarterstaff (chaos)
rCold  . . .     Gourm    .     M - +1 ring mail of Misanthropy {rElec rF+++ Dex+3}
rNeg   . . .     Faith    .     (shield currently unavailable)
rPois  +         Spirit   .     m - +2 helmet {Int+3}
rElec  +         Dismiss  .     I - +1 cloak {MR+}
rCorr  .         Reflect  .     C - +2 pair of gloves
SustAt .         Harm     .     B - +2 pair of boots {Fly}
MR     ++...     Clarity  +     (no amulet)
Stlth  +++.......               y - ring of poison resistance
                                s - +4 ring of intelligence

@: flying, very resistant to hostile enchantments, fairly stealthy
A: talons 1, clarity, clumsy 1, dopey 1, fire resistance 2, evolution 1,
MP-powered wands, sturdy frame 1
a: Channel Energy, Renounce Religion, Stop Flying


You were in an ice cave.
You worshipped Sif Muna.
Sif Muna was most pleased with you.
You were not hungry.

You visited 3 branches of the dungeon, and saw 12 of its levels.
You also visited: Sewer and Ice Cave.

You collected 702 gold pieces.
You spent 300 gold pieces at shops.

Inventory:

Hand Weapons
 a - a +7 quarterstaff of chaos (weapon)
 L - the +1 falchion "Oschaul" {speed, +Blink Str+3 Dex+2}
   (You found it on level 2 of the Lair of Beasts)

   Attacks with this weapon are significantly faster.
   It affects your strength (+3).
   It affects your dexterity (+2).
   It lets you blink.
Armour
 m - a +2 helmet of intelligence (worn)
 B - a +2 pair of boots of flying (worn)
 C - a +2 pair of gloves (worn)
 D - a +2 animal skin
 E - a +0 helmet
 I - a +1 cloak of magic resistance (worn)
 M - the +1 ring mail of Misanthropy (worn) {rElec rF+++ Dex+3}
   (You found it on level 2 of the Lair of Beasts)

   It affects your dexterity (+3).
   It renders you almost immune to fire.
   It insulates you from electricity.
Jewellery
 d - an uncursed ring of sustain attributes
 s - a +4 ring of intelligence (left hand)
 v - an uncursed ring of positive energy
 y - a ring of poison resistance (right hand)
 H - a +3 ring of dexterity {unknown}
 O - a cursed ring of positive energy
Wands
 j - a wand of heal wounds (5/9)
 n - a wand of paralysis (17/24)
 p - a wand of paralysis (11/24)
 r - a wand of confusion (27/48)
 x - a wand of slowing (19/48)
 A - a wand of random effects (19/48)
 K - a wand of teleportation (5/9)
Scrolls
 h - 4 scrolls of identify
 k - 5 scrolls of remove curse
 o - 2 scrolls of teleportation
 z - 2 scrolls of fog
Potions
 e - a potion of cure mutation
 f - 2 potions of brilliance
 g - 6 potions of curing
 i - 2 potions of agility
 G - a potion of heal wounds
Books
 b - a book of Callings

   Spells                             Type                      Level
   a - Summon Small Mammal            Summoning                    1
   b - Call Imp                       Summoning                    2
   c - Call Canine Familiar           Summoning                    3
   d - Summon Guardian Golem          Hexes/Summoning              3
   e - Summon Lightning Spire         Summoning/Air                4
   f - Summon Ice Beast               Ice/Summoning                4
 t - a book of the Earth

   Spells                             Type                      Level
   a - Leda's Liquefaction            Hexes/Earth                  4
   b - Bolt of Magma                  Conjuration/Fire/Earth       5
   c - Statue Form                    Transmutation/Earth          6
   d - Iron Shot                      Conjuration/Earth            6
   e - Shatter                        Earth                        9
 w - a Young Poisoner's Handbook

   Spells                             Type                      Level
   a - Sting                          Conjuration/Poison           1
   b - Cure Poison                    Poison                       2
   c - Mephitic Cloud                 Conjuration/Poison/Air       3
   d - Olgreb's Toxic Radiance        Poison                       4
   e - Venom Bolt                     Conjuration/Poison           5
Miscellaneous
 F - a crystal ball of energy
Comestibles
 c - 6 bread rations
 l - 44 fruits
 q - 5 meat rations


   Skills:
 + Level 2.3 Fighting
   Level 0.4 Short Blades
 + Level 3.2 Staves
 + Level 0.4 Armour
 + Level 5.9 Dodging
 + Level 6.2 Stealth
 + Level 12.1 Spellcasting
 + Level 10.3 Summonings
 + Level 5.1 Ice Magic
 + Level 4.2 Air Magic
 + Level 2.1 Invocations


You had 19 spell levels left.
You knew the following spells:

 Your Spells              Type           Power        Failure   Level  Hunger
a - Summon Small Mammal   Summ           ####         1%          1    None
b - Call Imp              Summ           ######..     1%          2    None
c - Call Canine Familiar  Summ           ######..     1%          3    None
d - Summon Ice Beast      Ice/Summ       ######..     2%          4    None
e - Summon Lightning Spi  Summ/Air       ######..     3%          4    None


Dungeon Overview and Level Annotations

Branches:
Dungeon (8/15)             Temple (1/1) D:7            Lair (3/8) D:8
  Swamp: Lair:3-6    Shoals: Lair:3-6     Snake: Lair:3-6    Spider: Lair:3-6

Altars:
Ashenzari
Cheibriados
Dithmenos
Elyvilon
Fedhas
Gozag
Kikubaaqudgha
Makhleb
Nemelex Xobeh
Okawaru
Pakellas
Qazlal
Ru
Sif Muna
Trog
Vehumet
Xom
Yredelemnul
Zin
The Shining One

Shops:
D:4 [   D:8 [

Annotations:
IceCv exclusion: ice statue


Innate Abilities, Weirdness & Mutations

You have sharp toenails.
You possess an exceptional clarity of mind.
You are clumsy. (Dex -2)
You are dopey. (Int -2)
Your flesh is very heat resistant.
You evolve.
You expend magic power (3 MP) to strengthen your wands.
Your movements are slightly less encumbered by armour (ER -2).


Message History

Your ice beast hits the ice beast.
Your ice beast freezes the ice beast.
The ice beast completely resists.
Your ice beast hits something but does no damage.
Your lightning spire is engulfed in freezing vapours.
Your lightning spire shoots out a bolt of lightning at the ice beast!
The bolt of electricity hits the ice beast.
The ice beast dies!
You thump something! Something hits you but does no damage.
Your lightning spire is engulfed in freezing vapours.
Something hits you but does no damage.
Unknown command.
You closely miss something.
You are engulfed in freezing vapours.
* * * LOW HITPOINT WARNING * * *
The ice statue glitters chillingly in the dim dungeon light.
Your ice beast barely misses something.
Your lightning spire is engulfed in freezing vapours.
Something hits you.
* * * LOW HITPOINT WARNING * * *
Something freezes you!
You die...

####* ##.#§#### ####
##§§§Y§§§# #### ##..#
#§§§§Y@§####..#####....
#.§§§§{8h##....##......
#.§§§§§Y....#.......∩.∩
##§...§.§..###.........
#...§.§§###*##..##....
#.....§##**≈≈######..#
#...§..8**≈≈≈≈≈*≈≈####
##.§...#*≈≈**≈≈≈≈≈≈*≈≈
##....#≈≈*****≈≈≈≈≈≈≈


You could see an ice statue, a friendly warg, 3 friendly ice beasts and a
friendly lightning spire.

Vanquished Creatures
  An elephant (Lair:2)
  An ice statue (IceCv)
  A wyvern (Lair:2)
  A yak (Lair:2)
  An ice beast (D:6)
  A sky beast (D:7)
  A centaur (D:6)
  An iguana (Lair:1)
  An orc wizard (D:8)
  A worker ant (D:5)
  A sheep (Lair:1)
  A hound zombie (D:8)
  A gnoll (D:6)
  3 adders
  5 river rats
  An ooze (Sewer)
  An adder skeleton (D:5)
  6 giant geckos
  3 orcs
  4 bats
  8 giant cockroaches
  4 goblins
  3 hobgoblins
  3 ball pythons (Sewer)
  3 giant newts
  2 kobolds (D:6)
  A quokka zombie (D:6)
  2 rats (D:2)
  A fungus (D:8)
63 creatures vanquished.

Vanquished Creatures (collateral kills)
  Harold (Lair:1)
  A faun (Lair:1)
  2 elephants (Lair:2)
  2 spiny frogs (Lair:2)
  3 komodo dragons
  Grinder (D:4)
  7 yaks
  A hippogriff (Lair:1)
  The ghost of Scotteh the Chiller, an amateur DgIE (D:7)
  Menkaure (D:7)
  6 water moccasins (Lair:2)
  3 porcupines
  2 sky beasts (D:6)
  8 ogres
  2 ice beasts
  2 orc warriors
  A black bear (D:8)
  5 centaurs
  3 crocodiles (Lair:2)
  4 giant frogs
  Blork the orc (D:5)
  A gnoll sergeant (D:6)
  A scorpion (D:5)
  4 killer bees (D:8)
  A howler monkey (D:8)
  2 crimson imps
  A giant frog zombie (D:7)
  8 orc priests
  A giant frog skeleton (D:6)
  5 hounds
  3 orc wizards (D:6)
  Crazy Yiuf (D:5)
  A gnoll shaman (D:6)
  Natasha (thrice) (D:4)
  3 iguanas
  3 worker ants
  10 sheep
  A killer bee zombie (D:6)
  A howler monkey zombie (D:7)
  A worker ant zombie (D:5)
  Robin (D:4)
  12 adders
  6 gnolls (D:6)
  27 river rats
  4 shadow imps
  16 white imps
  4 ufetubi (IceCv)
  7 oozes
  An adder skeleton (D:6)
  7 worms
  8 dart slugs
  16 giant geckos
  23 orcs
  9 ball pythons
  9 giant cockroaches
  14 goblins
  10 hobgoblins
  9 jackals
  10 kobolds
  A bat (D:1)
  12 giant newts
  6 rats
  A plant (D:8)
321 creatures vanquished.

Vanquished Creatures (others)
  4 white imps (IceCv)
  2 ufetubi (IceCv)
  11 plants
17 creatures vanquished.

Grand Total: 401 creatures vanquished

Notes
Turn   | Place    | Note
--------------------------------------------------------------
     0 | D:1      | dvd the Deep Elf Summoner began the quest for the Orb.
     0 | D:1      | Reached XP level 1. HP: 10/10 MP: 6/6
   160 | D:1      | Reached XP level 2. HP: 15/15 MP: 2/8
   255 | D:1      | Learned a level 2 spell: Call Imp
   847 | D:2      | Found a faded altar to an unknown god.
   919 | D:2      | Reached XP level 3. HP: 17/19 MP: 7/10
   937 | D:2      | Learned a level 3 spell: Call Canine Familiar
   954 | D:2      | Reached skill level 5 in Summonings
  1024 | D:2      | Reached skill level 4 in Spellcasting
  1183 | D:2      | Found a shadowy altar of Dithmenos.
  1321 | D:2      | Found a sacrificial altar of Ru.
  1329 | D:2      | Became a worshipper of Ru the Awakened
  1836 | D:3      | Reached XP level 4. HP: 24/24 MP: 6/12
  2033 | D:3      | Found a glowing drain.
  2042 | Sewer    | Entered a sewer
  2431 | Sewer    | Reached XP level 5. HP: 28/28 MP: 14/14
  2569 | Sewer    | Reached skill level 5 in Spellcasting
  2904 | D:3      | Learned a level 4 spell: Summon Ice Beast
  2909 | D:3      | Learned a level 4 spell: Summon Lightning Spire
  3317 | D:4      | Found a glowing silver altar of Zin.
  3318 | D:4      | Found an oddly glowing altar of Pakellas.
  3320 | D:4      | Noticed Natasha
  3326 | D:4      | Killed Natasha
  3326 | D:4      | Reached XP level 6. HP: 33/33 MP: 6/16
  3395 | D:4      | Found a glowing golden altar of the Shining One.
  3402 | D:4      | Found a basalt altar of Yredelemnul.
  3405 | D:4      | Noticed a profane servitor
  3419 | D:4      | Noticed an angel
  3726 | D:4      | Noticed Grinder
  3736 | D:4      | Killed Grinder
  3736 | D:4      | Reached skill level 6 in Spellcasting
  3761 | D:4      | Noticed Natasha
  3770 | D:4      | Killed Natasha
  3793 | D:4      | Noticed Natasha
  3797 | D:4      | Killed Natasha
  3801 | D:4      | Found Ucvom's Antique Armour Emporium.
  3806 | D:4      | Bought a pair of runed boots for 94 gold pieces
  4150 | D:4      | Noticed Robin
  4153 | D:4      | Killed Robin
  4153 | D:4      | Reached skill level 1 in Air Magic
  4153 | D:4      | Reached XP level 7. HP: 37/37 MP: 14/18
  4419 | D:5      | Entered Level 5 of the Dungeon
  4427 | D:5      | Noticed Blork the orc
  4440 | D:5      | Killed Blork the orc
  4479 | D:5      | Reached skill level 1 in Ice Magic
  4512 | D:5      | Found a bloodstained altar of Trog.
  4691 | D:5      | Reached skill level 7 in Spellcasting
  5294 | D:5      | Noticed Crazy Yiuf
  5300 | D:5      | Killed Crazy Yiuf
  5613 | D:6      | Gained mutation: You expend magic power (3 MP) to strengthen your wands. [mutagenic meat]
  5614 | D:6      | Gained mutation: You evolve. [mutagenic meat]
  5703 | D:6      | Found a shadowy altar of Dithmenos.
  5707 | D:6      | Reached XP level 8. HP: 42/42 MP: 5/21
  5913 | D:6      | Reached skill level 1 in Fighting
  5971 | D:6      | Reached skill level 8 in Spellcasting
  5975 | D:6      | Gained mutation: Your flesh is heat resistant. [mutagenic meat]
  5977 | D:6      | Gained mutation: Your muscles are strong. (Str +2) [mutagenic meat]
  5978 | D:6      | Gained mutation: You are clumsy. (Dex -2) [mutagenic meat]
  5979 | D:6      | Gained mutation: You possess an exceptional clarity of mind. [mutagenic meat]
  6121 | D:6      | Lost mutation: Your muscles are strong. (Str +2) [potion of mutation]
  6294 | D:6      | Reached skill level 1 in Staves
  6532 | D:6      | Reached skill level 9 in Spellcasting
  7002 | D:7      | Found a staircase to the Ecumenical Temple.
  7011 | Temple   | Entered the Ecumenical Temple
  7137 | Temple   | Fell from the grace of Ru
  7137 | Temple   | Became a worshipper of Sif Muna the Loreminder
  7168 | D:7      | Noticed Scotteh's ghost (amateur DgIE)
  7173 | D:7      | Killed Scotteh's ghost
  7288 | D:7      | Noticed Menkaure
  7294 | D:7      | Killed Menkaure
  7294 | D:7      | Reached skill level 5 in Stealth
  7294 | D:7      | Reached XP level 9. HP: 25/47 MP: 15/24
  7554 | D:7      | Gained mutation: You have sharp toenails. [evolution]
  7773 | D:8      | Found Biatoif's Antique Armour Shoppe.
  7776 | D:8      | Bought a runed cloak for 103 gold pieces
  7791 | D:8      | Bought a runed helmet for 103 gold pieces
  7817 | D:8      | Found a radiant altar of Vehumet.
  7890 | D:8      | Found a staircase to the Lair.
  8016 | D:8      | Reached skill level 10 in Spellcasting
  8021 | D:8      | Reached * piety under Sif Muna
  8079 | D:8      | Found an opulent altar of Gozag.
  8088 | D:8      | Found an iron altar of Okawaru.
  8097 | D:8      | Found a blossoming altar of Fedhas.
  8106 | D:8      | Found a stormy altar of Qazlal.
  8338 | D:8      | Found a blossoming altar of Fedhas.
  8447 | Lair:1   | Entered Level 1 of the Lair of Beasts
  8449 | Lair:1   | Noticed a faun
  8459 | Lair:1   | Killed a faun
  8616 | Lair:1   | Noticed Harold
  8629 | Lair:1   | Killed Harold
  8629 | Lair:1   | Reached skill level 5 in Dodging
  8629 | Lair:1   | Reached skill level 1 in Invocations
  8645 | Lair:1   | Gained mutation: You are dopey. (Int -2) [potion of mutation]
  8645 | Lair:1   | Gained mutation: Your flesh is very heat resistant. [potion of mutation]
  8701 | Lair:1   | Noticed a komodo dragon
  8709 | Lair:1   | Killed a komodo dragon
  8819 | Lair:1   | Reached ** piety under Sif Muna
  8819 | Lair:1   | Reached skill level 11 in Spellcasting
  9289 | Lair:2   | Noticed an elephant
  9296 | Lair:2   | Noticed an elephant
  9297 | Lair:2   | Noticed an elephant
  9305 | Lair:2   | Killed an elephant
  9305 | Lair:2   | Reached XP level 10. HP: 45/53 MP: 8/27
  9312 | Lair:2   | Killed an elephant
  9313 | Lair:2   | Killed an elephant
  9337 | Lair:2   | Gained mutation: Your movements are slightly less encumbered by armour (ER -2). [evolution]
  9433 | Lair:2   | Got a twisted falchion
  9436 | Lair:2   | Identified the +1 falchion "Oschaul" {speed, +Blink Str+3 Dex+2} (You found it on level 2 of the Lair of Beasts)
  9731 | Lair:2   | Noticed a spiny frog
  9735 | Lair:2   | Killed a spiny frog
  9778 | Lair:2   | Noticed a spiny frog
  9781 | Lair:2   | Killed a spiny frog
 10179 | Lair:2   | Reached skill level 10 in Summonings
 10246 | Lair:2   | Got a pitted ring mail
 10257 | Lair:2   | Identified the +1 ring mail of Misanthropy {rElec rF+++ Dex+3} (You found it on level 2 of the Lair of Beasts)
 10487 | Lair:2   | Reached *** piety under Sif Muna
 10740 | Lair:3   | Reached skill level 12 in Spellcasting
 10741 | Lair:3   | Reached skill level 5 in Ice Magic
 10752 | Lair:3   | Found a frozen archway.
 10797 | IceCv    | Entered an ice cave
 10829 | IceCv    | Noticed an ice statue
 10829 | IceCv    | Noticed an ice statue
 11502 | IceCv    | Killed an ice statue
 11533 | IceCv    | Mangled by an ice beast

Skill      XL: |  1  2  3  4  5  6  7  8  9 10 |
---------------+-------------------------------+-----
Summonings     | 5 6 7 8 9 10 | 10.3
Spellcasting   | 4 5 6 7 9 11 12 | 12.1
Stealth        | 3 4 5 6 |  6.2
Dodging        | 3 4 5 |  5.9
Air Magic      | 1 2 3 4 |  4.2
Ice Magic      | 2 3 4 5 |  5.1
Fighting       | 1 2 |  2.3
Staves         | 1 2 3 |  3.2
Invocations    | 1 2 |  2.1
Short Blades   | |  0.4
Armour         | |  0.4

Action                   |  1- 3 |  4- 6 |  7- 9 | 10-12 || total
-------------------------+-------+-------+-------+-------++-------
Melee: Dagger            |    32 |    73 |    11 |       ||   116
       Quarterstaff      |       |       |    98 |    71 ||   169
 Cast: Summon Small Mamm |    35 |     4 |       |       ||    39
       Call Imp          |    17 |    25 |     4 |     3 ||    49
       Call Canine Famil |     8 |    14 |    12 |     6 ||    40
       Summon Lightning  |       |     8 |    49 |    25 ||    82
       Summon Ice Beast  |       |     4 |    50 |    34 ||    88
Invok: Channel Energy    |       |       |     7 |    23 ||    30
Evoke: Wand              |       |       |       |     1 ||     1
  Use: Potion            |       |     4 |     7 |     1 ||    12
       Scroll            |       |       |    20 |     4 ||    24
 Stab: Sleeping          |     4 |     3 |     9 |     1 ||    17
       Paralysed         |       |       |     2 |       ||     2
       Confused          |       |       |     1 |       ||     1
       Distracted        |       |       |       |     2 ||     2
  Eat: Chunk             |     4 |     9 |    29 |     6 ||    48
       Bread ration      |       |       |       |     1 ||     1
       Pizza             |       |       |       |     1 ||     1
       Beef jerky        |       |       |       |     1 ||     1
Armor: Robe              |     9 |    15 |       |       ||    24
       Animal skin       |       |       |    48 |    10 ||    58
       Ring mail         |       |       |       |    24 ||    24
Dodge: Dodged            |    50 |    95 |    94 |    51 ||   290
